Map: Prüfung von Aiur LE

Players

Deekay - Winner!

  • Race: Protoss Protoss
  • League: Diamond
  • Spawn Location: 11:00

Panda

  • Race: Zerg Zerg
  • League: Platinum
  • Spawn Location: 5:00

VOD

Have the link to the VOD?

Description

Time

  • Played on: Sept. 2, 2017, 3:32 p.m.
  • Length: 4:33
Show
View Real Time Build Order
Export as new Build Order

Deekay Protoss - Winner!

Build Orders:  

Get SALT Encoding   

  12  0:01  Probe (Chrono Boost)  
  13  0:12  Probe (Chrono Boost)  
  14  0:18  Pylon  
  14  0:25  Assimilator  
  14  0:29  Probe (Chrono Boost)  
  15  0:40  Gateway  
  15  0:45  Probe (Chrono Boost)  
  16  0:55  Probe (Chrono Boost)  
  17  1:35  Cybernetics Core  
  17  1:44  Pylon  
  17  1:45  Gateway  
  17  1:46  Gateway  
  17  1:51  Gateway  
  16  2:00  Pylon  
  16  2:05  Assimilator  
  16  2:14  Mothership Core (Chrono Boost)  
  18  2:28  Stargate  
  18  2:39  Stalker  
  20  2:46  Probe (Chrono Boost)  
  21  2:56  Probe (Chrono Boost)  
  22  3:07  Probe  
  21  3:33  Void Ray (Chrono Boost)  
  25  3:51  Pylon  
  25  3:53  Pylon  
Show
View Real Time Build Order
Export as new Build Order

Panda Zerg 

Build Orders: Pool Only 

Get SALT Encoding   

  12  0:18  Spawning Pool  
  11  0:22  Drone  
  12  0:29  Drone  
  12  0:33  Drone  
  14  0:39  Extractor  
  14  0:41  Drone  
  14  0:46  Extractor  
  14  0:47  Drone  
  14  0:56  Overlord  
  14  1:13  Roach Warren  
  14  1:16  Drone  
  14  1:17  Zergling x2  
  15  1:31  Drone  
  16  1:53  Roach  
  16  1:54  Roach  
  20  1:59  Roach  
  22  2:11  Overlord  
  22  2:24  Overlord  
  22  2:33  Ravager x3  
  27  2:44  Roach x2  
  29  2:56  Roach  
  31  3:03  Roach  
  34  3:20  Roach  
  34  3:42  Roach x2  
Tags
 
Add a new tag
Caveats
  • Supply blocks, unpowered buildings, or Contaminate may cause inaccurate times.
  • Supply counts are checked every 10 seconds.